 Dungeon Crawl Stone Soup version 0.22.1-7-g5c428e7 (webtiles) character file.

126 Makai the Skirmisher (level 5, -2/47 HPs)
             Began as a Hill Orc Fighter on Feb 9, 2019.
             Was an Initiate of Beogh.
             Slain by Sigmund
             ... wielding a +0 scythe
              (7 damage)
             ... on level 3 of the Dungeon.
             The game lasted 00:13:49 (2724 turns).

Makai the Skirmisher (Hill Orc Fighter)             Turns: 2724, Time: 00:13:49

Health: -2/47      AC:  7    Str: 20    XL:     5   Next: 10%
Magic:  5/5        EV:  7    Int:  8    God:    Beogh [......]
Gold:   87         SH:  9    Dex: 10    Spells: 4/4 levels left

rFire    . . .     SeeInvis .   a - +0 long sword
rCold    . . .     Gourm    .   c - +0 shield
rNeg     . . .     Faith    .   b - +0 scale mail
rPois    .         Spirit   .   (no helmet)
rElec    .         Reflect  .   (no cloak)
rCorr    .         Harm     .   (no gloves)
MR       .....                  (no boots)
Stlth    +.........             (no amulet)
HPRegen  0.15/turn              r - ring of stealth
MPRegen  0.09/turn              (no ring)

@: no status effects
A: no striking features
a: Renounce Religion


You were on level 3 of the Dungeon.
You worshipped Beogh.
Beogh was noncommittal.
You were not hungry.

You visited 1 branch of the dungeon, and saw 3 of its levels.

You collected 87 gold pieces.

Inventory:

Hand Weapons
 a - a +0 long sword (weapon)
Armour
 b - a +0 scale mail (worn)
 c - a +0 shield (worn)
 p - a +0 ring mail of magic resistance
Jewellery
 i - an uncursed ring of fire
 o - an uncursed ring of ice
 r - a ring of stealth (left hand)
Scrolls
 h - a scroll of remove curse {unknown}
 j - a scroll of teleportation
 m - a scroll of amnesia {unknown}
 q - a scroll of enchant weapon {unknown}
 v - a scroll of immolation {unknown}
Potions
 d - a potion of might
 e - 2 potions of lignification {unknown}
 g - a potion of heal wounds {unknown}
 k - 2 potions of haste {unknown}
 l - 5 potions of curing {unknown}
 n - a potion of mutation {unknown}
 s - a potion of brilliance {unknown}
 t - 2 potions of cancellation {unknown}
Comestibles
 f - 4 rations
 u - 8 chunks of flesh


   Skills:
 + Level 4.6 Fighting
 + Level 3.3 Long Blades
 + Level 4.2 Armour
 + Level 4.1 Shields


You had 4 spell levels left.
You didn't know any spells.
Your spell library was empty.

Dungeon Overview and Level Annotations

Branches:
Dungeon (3/15)

Altars:
Fedhas
Hepliaklqana
Kikubaaqudgha
Qazlal
Vehumet
Xom

Annotations:
D:3 Sigmund


Message History

You hit the quokka but do no damage. The quokka bites you. Something hits you.
You closely miss the quokka. You block the quokka's attack.
Something hits you but does no damage. You block the quokka's attack.
You hit the quokka.
The quokka is lightly wounded.
You block the quokka's attack. Something hits you!
* * * LOW HITPOINT WARNING * * *
The quokka barely misses you.
You riposte.
You slash the quokka!
You kill the quokka!
Beogh accepts your kill.
There is a shimmering altar of Xom here.
You block the goblin's attack.
You hit the goblin.
You kill the goblin!
Beogh accepts your kill. Something hits you but does no damage.
Something hits you but does no damage.
You see here a dagger.
You miss something. Something hits you!
You die...

. .... .≈≈≈♣
#.#.....P≈♣≈
#.#.[#.#...
#........##. ##
#.###...#...... #.
#............# #. #.#.
)..####.####.##.## ...#
##..{..##÷#... ...#
#...@...#.#.## ..##
#..#.......#....#..#.##
#......_.....#÷(#.....#
#..#.......#..)<..(#
##.#.......#..).#### #
##.....##.........#
###.####.....###.# ....
....##.# ##.###.#... .#


There were no monsters in sight!

Vanquished Creatures
  A jelly (D:2)
  Jessica (D:2)
  An adder (D:3)
  An ooze (D:3)
  2 dart slugs (D:1)
  2 leopard geckos (D:1)
  2 orcs (D:2)
  2 ball pythons (D:1)
  6 bats
  2 giant cockroaches (D:1)
  7 goblins
  6 hobgoblins
  A quokka (D:3)
  6 frilled lizards
  5 kobolds
  7 rats
52 creatures vanquished.

Vanquished Creatures (others)
  An orc (D:3)
1 creature vanquished.

Grand Total: 53 creatures vanquished

Notes
Turn   | Place    | Note
-------+----------+-------------------------------------------
     0 | D:1      | Makai the Hill Orc Fighter began the quest for the Orb.
     0 | D:1      | Reached XP level 1. HP: 19/19 MP: 1/1
   277 | D:1      | Reached XP level 2. HP: 25/27 MP: 2/2
   685 | D:1      | Reached XP level 3. HP: 33/33 MP: 3/3
  1581 | D:2      | Found a blossoming altar of Fedhas.
  1589 | D:2      | Found a stormy altar of Qazlal.
  1768 | D:2      | Found a hazy altar of Hepliaklqana.
  1848 | D:2      | Found a radiant altar of Vehumet.
  1925 | D:2      | Noticed Jessica
  1931 | D:2      | Killed Jessica
  1931 | D:2      | Reached XP level 4. HP: 38/40 MP: 4/4
  2209 | D:2      | Found an ancient bone altar of Kikubaaqudgha.
  2655 | D:3      | Became a worshipper of Beogh the Brigand
  2661 | D:3      | Found a shimmering altar of Xom.
  2696 | D:3      | Noticed Sigmund
  2706 | D:3      | Reached XP level 5. HP: 27/47 MP: 5/5
  2724 | D:3      | Slain by Sigmund

Skill      XL: |  1  2  3  4 |
---------------+-------------+-----
Fighting       | 4 |  4.6
Long Blades    | 3 |  3.3
Armour         | 4 |  4.2
Shields        | 4 |  4.1

Action                   |  1- 3 |  4- 6 || total
-------------------------+-------+-------++-------
Melee: Long sword        |    95 |    53 ||   148
Invok: Convert to Beogh  |       |     1 ||     1
  Use: Scroll            |     1 |       ||     1
  Eat: Chunk             |     3 |     1 ||     4
       Ration            |       |     1 ||     1
Armor: Scale mail        |    49 |    33 ||    82
Dodge: Dodged            |    17 |    30 ||    47
Block: Shield            |    59 |    36 ||    95
       Rpst.: Long sword |     3 |     4 ||     7
